 Dungeon Crawl Stone Soup version 0.29.1-15-g9cfb28693d (webtiles) character file.

Game seed: 1042602197884892567

95 Lolow the Caller (level 4, 0/31 HPs)
             Began as a Human Summoner on May 16, 2023.
             Was a Believer of Makhleb.
             Slain by Pargi (3 damage)
             ... in a sewer.
             The game lasted 00:15:02 (2668 turns).

Lolow the Caller (Human Summoner)                   Turns: 2668, Time: 00:15:20

Health: 0/31       AC:  3    Str: 11    XL:     4   Next: 97%
Magic:  7/8        EV: 12    Int: 21    God:    Makhleb [**....]
Gold:   107        SH:  0    Dex: 13    Spells: 4/8 levels left

rFire   . . .      SeeInvis .   i - +9 hand axe of Wealth {speed, rElec Int+6}
rCold   . . .      Faith    .   (no shield)
rNeg    . . .      Spirit   .   a - +0 robe
rPois   .          Reflect  .   (no helmet)
rElec   +          Harm     .   p - +0 cloak
rCorr   .          Rampage  .   (no gloves)
Will    .....                   (no boots)
Stlth   +.........              (no amulet)
HPRegen 0.10/turn               (no ring)
MPRegen 0.11/turn               (no ring)

@: very slow
A: no striking features
a: Renounce Religion, Minor Destruction


You were in a sewer.
You worshipped Makhleb.
Makhleb was pleased with you.
You visited 1 branch of the dungeon, and saw 3 of its levels.
You also visited: Sewer.

You collected 107 gold pieces.

Inventory:

Hand Weapons
 c - a +2 dagger of speed
 i - the +9 hand axe of Wealth (weapon) {speed, rElec Int+6}
   (You found it on level 2 of the Dungeon)

   Attacks with this weapon are significantly faster.
   Int:       It affects your intelligence (+6).
   rElec:     It insulates you from electricity.
 o - a +3 quarterstaff of chaos
Missiles
 m - 10 stones
Armour
 a - a +0 robe (worn)
 p - a +0 cloak (worn)
Magical Staves
 h - a staff of cold
Scrolls
 g - a scroll of teleportation
 k - a scroll of magic mapping {unknown}
 q - a scroll of immolation {unknown}
Potions
 b - 2 potions of magic
 d - a potion of berserk rage {unknown}
 e - 5 potions of brilliance
 f - a potion of might {unknown}
 l - a potion of lignification {unknown}
 n - a potion of resistance {unknown}


   Skills:
 + Level 0.5 Fighting
 + Level 0.3 Short Blades
 + Level 1.2 Axes
 + Level 2.0 Dodging
 + Level 2.4 Stealth
 + Level 0.4 Unarmed Combat
 + Level 2.7 Spellcasting
 + Level 4.8 Summonings


You had 4 spell levels left.
You knew the following spells:

 Your Spells              Type           Power      Damage    Failure   Level
a - Summon Small Mammal   Summ           92%        N/A       1%          1
b - Call Canine Familiar  Summ           23%        N/A       5%          3

Your spell library contained the following spells:

 Spells                   Type           Power      Damage    Failure   Level
 Call Imp                 Summ           23%        N/A       2%          2
 Magic Dart               Conj           8%         1d3       14%         1
 Summon Guardian Golem    Hex/Summ       13%        N/A       16%         3
 Mephitic Cloud           Conj/Pois/Air  2%         N/A       38%         3
 Summon Lightning Spire   Summ/Air       13%        N/A       45%         4


Dungeon Overview and Level Annotations

Branches:
Dungeon (3/15)              Sewer (1/1)

Altars:
Makhleb

Annotations:
Sewer Pargi


Message History

Makhleb accepts your kill.
You swap places.
You open the door.
Pargi the Meek comes into view.
Pargi shouts!
Pargi bites your hound but does no damage.
Pargi barely misses your hound. Pargi closely misses your hound.
Found a golden potion.
Your hound closely misses Pargi.
Pargi bites your hound.
Pargi claws your hound but does no damage.
Pargi claws your hound.
Your hound bites Pargi.
You enter the shallow water.
Moving in this stuff is going to be slow.
Your hound barely misses Pargi.
Pargi barely misses your hound.
Pargi closely misses your hound. x2; Your hound misses Pargi.
Your hound bites Pargi.
Pargi bites you. Pargi claws you but does no damage. Pargi claws you.
Your hound bites Pargi.
Pargi bites you. Pargi closely misses you. Pargi claws you but does no damage.
You hit Pargi but do no damage.
Pargi is moderately wounded.
Your hound bites Pargi but does no damage.
Pargi barely misses you. x2; Pargi closely misses you.
Your hound bites Pargi.
You enter the shallow water.
Moving in this stuff is going to be slow.
Your hound bites Pargi.
Why would you want to do that?
Unknown command.
Your hound bites Pargi.
Pargi bites you! Pargi barely misses you. Pargi misses you.
You hit Pargi.
Pargi is heavily wounded.
Your hound bites Pargi.
Pargi bites you. Pargi misses you. Pargi claws you.
Your hound bites Pargi.
Pargi attacks as you move away! Pargi bites you but does no damage.
Pargi claws you. Pargi claws you but does no damage.
Your hound barely misses Pargi.
Your hound closely misses Pargi.
Pargi bites you!
* * * LOW HITPOINT WARNING * * *
Pargi claws you but does no damage. Pargi claws you.
You die...

#+##+##+##+##+##+#
#####.................
~~~~#~~~~~~~~~.~~~~~~~
≈≈≈≈#≈≈≈≈≈≈≈≈≈∩≈≈≈≈≈≈≈
~~~~#~~~T@~~~~.~~~~~~~
#####...h.............
#+##'##'##.##+##+#
#.##.##.# #!##.##∩#
#########


You could see Pargi (ally target) and a friendly hound (summoned).

Vanquished Creatures
  Crazy Yiuf (D:2)
  A worm (D:2)
  An adder zombie (D:3)
  A dart slug (D:3)
  An orc (D:2)
  2 bats (D:1)
  3 endoplasms
  2 giant cockroaches
  4 hobgoblins
  3 kobolds
  A frilled lizard (D:2)
  4 rats
24 creatures vanquished.

Vanquished Creatures (collateral kills)
  An adder zombie (D:3)
  2 dart slugs
  5 endoplasms
  A giant cockroach (D:3)
  2 goblins (D:1)
  2 hobgoblins
  2 ball pythons (D:1)
  4 bats
  A frilled lizard (D:3)
  2 kobolds (D:1)
  A rat (D:1)
23 creatures vanquished.

Vanquished Creatures (others)
  4 fungi (D:2)
4 creatures vanquished.

Grand Total: 51 creatures vanquished

Notes
Turn   | Place    | Note
-------+----------+-------------------------------------------
     0 | D:1      | Lolow the Human Summoner began the quest for the Orb.
     0 | D:1      | Reached XP level 1. HP: 13/13 MP: 3/3
   420 | D:1      | Reached XP level 2. HP: 19/19 MP: 3/5
   624 | D:1      | Reached XP level 3. HP: 24/24 MP: 6/6
   822 | D:1      | Found a faded altar of an unknown god.
   830 | D:1      | Prayed at the altar of an unknown god.
   830 | D:1      | Became a worshipper of Makhleb the Destroyer
   830 | D:1      | Reached * piety under Makhleb
  1172 | D:2      | Identified the +9 hand axe of Wealth {speed, rElec Int+6}
  1478 | D:2      | Learned a level 3 spell: Call Canine Familiar
  2170 | D:2      | Found a runed translucent door.
  2171 | D:2      | Noticed Crazy Yiuf
  2194 | D:2      | Killed Crazy Yiuf
  2195 | D:2      | Reached XP level 4. HP: 17/31 MP: 1/8
  2502 | D:3      | Reached skill level 1 in Axes
  2630 | D:3      | Found a glowing drain.
  2638 | D:3      | Reached ** piety under Makhleb
  2647 | Sewer    | Entered a sewer
  2659 | Sewer    | Noticed Pargi
  2668 | Sewer    | Slain by Pargi

Illustrated notes

Levels and vault maps discovered:
D:1:      giann_horns, layout_basic, basic_ecumenical_altar
D:2:      layout_rooms, serial_rivers, chequers_serial_rivers_marsh,
          chequers_serial_rivers_large_b, chequers_serial_rivers_room_a,
          chequers_serial_rivers_micro_b, chequers_serial_rivers_small_3,
          uniq_crazy_yiuf_cottage
D:3:      minmay_spotlight, layout_rooms, mainiacjoe_overflow_boulevard,
          nicolae_yredelemnul_corpse_copse, overflow_temple_1_default,
          cheibrodos_sewer_entry_drain
Sewer:    kennysheep_door_sewer

Skill      XL: |  1  2  3  4 |
---------------+-------------+-----
Axes           | 1 |  1.2
Fighting       | |  0.5
Short Blades   | |  0.3
Dodging        | |  2.0
Stealth        | |  2.4
Unarmed Combat | |  0.4
Spellcasting   | |  2.7
Summonings     | |  4.8

Action                   |  1- 3 |  4- 6 || total
-------------------------+-------+-------++-------
Melee: Dagger            |    22 |       ||    22
       Unarmed           |     4 |       ||     4
       Hand axe          |    29 |    13 ||    42
       Punch             |     1 |       ||     1
 Cast: Summon Small Mamm |    39 |       ||    39
       Call Canine Famil |     6 |     6 ||    12
  Use: Scroll            |     2 |     2 ||     4
 Stab: Sleeping          |     2 |       ||     2
       Distracted        |     1 |       ||     1
Armor: Robe              |    11 |     6 ||    17
Dodge: Dodged            |    25 |    16 ||    41
